 Dungeon Crawl Stone Soup version 0.31-a0-801-gc67433417a (webtiles) character file.

Game seed: 15112704748036477970

2512 IndexError the Geomancer (level 9, -11/55 HPs)
             Began as a Gargoyle Earth Elementalist on Sept 20, 2023.
             Was an Initiate of Sif Muna.
             Mangled by a wyvern (15 damage)
             ... on level 7 of the Dungeon.
             The game lasted 00:08:38 (6342 turns).

IndexError the Geomancer (GrEE)                     Turns: 6342, Time: 00:08:38

Health: -11/55     AC: 10    Str: 13    XL:     9   Next: 53%
Magic:  17/18      EV: 11    Int: 19    God:    Sif Muna [......]
Gold:   189        SH:  4    Dex: 10    Spells: 10/20 levels left

rFire   + . .        g - staff of earth
rCold   . . .        C - +0 buckler
rNeg    + . .        q - +2 robe {Will+}
rPois   ∞            (no helmet)
rElec   +            E - scarf {shadows}
rCorr   .            (no gloves)
SInv    .            (no boots)
Will    +....        w - amulet of magic regeneration
Stlth   ++           D - ring of protection from fire {rF+, !d}
HPRegen 0.29/turn    (no ring)
MPRegen 0.56/turn

%: no passive effects
@: no status effects
A: sickness immunity, AC +6, negative energy resistance 1, electricity
resistance, torment resistance 1, petrification resistance
a: Renounce Religion


You were on level 7 of the Dungeon.
You worshipped Sif Muna.
Sif Muna was noncommittal.
You visited 2 branches of the dungeon, and saw 9 of its levels.

You collected 303 gold pieces.
You spent 114 gold pieces at shops.

Inventory:

Missiles
 r - a throwing net {=f, !d}
 F - 5 javelins
Armour
 q - a +2 robe of willpower (worn)
   (You bought it in a shop on level 4 of the Dungeon)
 y - a +1 cloak of poison resistance
   (You took it off Crazy Yiuf on level 5 of the Dungeon)
 C - a +0 buckler (worn)
   (You found it on level 6 of the Dungeon)
 E - a scarf of shadows (worn)
   (You found it on level 7 of the Dungeon)
 H - a +2 helmet
   (You found it on level 7 of the Dungeon)
Magical Staves
 g - a staff of earth (weapon)
   (You found it on level 1 of the Dungeon)
Jewellery
 w - an amulet of magic regeneration (around neck)
   (You found it on level 5 of the Dungeon)
 D - a ring of protection from fire (left hand) {rF+, !d}
   (You found it on level 7 of the Dungeon)
Wands
 t - a wand of iceblast (9)
   (You found it on level 5 of the Dungeon)
 u - a wand of light (21)
   (You found it on level 5 of the Dungeon)
 x - a wand of mindburst (17)
   (You found it on level 5 of the Dungeon)
 G - a wand of flame (8)
   (You found it on level 7 of the Dungeon)
Scrolls
 a - 2 scrolls of brand weapon {unknown}
 e - 4 scrolls of enchant armour {unknown}
 j - a scroll of amnesia {unknown}
 l - a scroll of enchant weapon {unknown}
 m - 2 scrolls of fog {unknown}
 o - 2 scrolls of teleportation {unknown}
 s - a scroll of revelation {unknown}
 v - 3 scrolls of identify {unknown}
 z - a scroll of noise {unknown}
 B - a scroll of silence {unknown}
Potions
 b - a potion of magic
 c - a potion of curing {unknown}
 d - 2 potions of lignification {unknown}
 f - 2 potions of haste {unknown}
 h - 2 potions of degeneration {unknown}
 i - 3 potions of heal wounds {unknown}
 k - 2 potions of might {unknown}
 n - 2 potions of attraction {unknown}
 p - a potion of brilliance {unknown}
 A - a potion of mutation {unknown}


   Skills:
 + Level 6.0 Fighting
 - Level 1.5 Dodging
 - Level 2.1 Stealth
 + Level 4.1 Shields
 - Level 6.0 Spellcasting
 + Level 5.9 Conjurations
 - Level 0.7 Transmutations
 - Level 8.4 Earth Magic


You had 10 spell levels left.
You knew the following spells:

 Your Spells              Type           Power      Damage    Failure   Level
a - Sandblast             Erth           100%       2d20      1%          1
b - Brom's Barrelling Bo  Conj/Erth      49%        2d7       8%          4
w - Passwall              Tmut/Erth      28%        N/A       3%          2
x - Stone Arrow           Conj/Erth      98%        3d13      2%          3

Your spell library contained the following spells:

 Spells                   Type           Power      Damage    Failure   Level
 Dazzling Flash           Conj/Hex       34%        N/A       13%         3
 Apportation              Tloc           10%        N/A       14%         1
 Necrotise                Necr           20%        1d5       14%         1
 Slow                     Hex            20%        N/A       14%         1
 Summon Small Mammal      Summ           20%        N/A       14%         1
 Ensorcelled Hibernation  Hex/Ice        10%        N/A       22%         2
 Jinxbite                 Hex            10%        N/A       22%         2
 Petrify                  Tmut/Erth      34%        N/A       22%         4
 Confusing Touch          Hex            5%         N/A       41%         3
 Sigil of Binding         Hex            5%         N/A       41%         3
 Swiftness                Air            5%         N/A       41%         3
 Vampiric Draining        Necr           5%         2d6       41%         3
 Volatile Blastmotes      Fire/Tloc      10%        2d10      41%         3
 Alistair's Intoxication  Tmut/Pois      4%         N/A       98%         5
 Starburst                Conj/Fire      8%         6d4       100%        6
 Maxwell's Capacitive Co  Air            2%         ∞         100%        8


Dungeon Overview and Level Annotations

Branches:
Dungeon (8/15)             Temple (1/1) D:6
   Lair: D:8-11

Altars:
Elyvilon
Fedhas
Gozag
Kikubaaqudgha
Makhleb
Nemelex Xobeh
Okawaru
Ru
Sif Muna
Trog
Vehumet
Wu Jian
Xom
Yredelemnul
The Shining One

Shops:
D:4 *   D:5 [   D:8 !

Annotations:
D:7 2 transporters, PotatoSalad1221's ghost, novice DrFi
D:8 Maggie


Innate Abilities, Weirdness & Mutations

You are immune to sickness and miasma.
Your stone body is resilient. (AC +6)
You are immune to poison.
You resist negative energy. (rN+)
You are resistant to electric shocks. (rElec)
You are resistant to unholy torment.
You are immune to petrification.


Message History

Sif Muna accepts your kill.
Reactivating autopickup.
You feel a bit more experienced.
Your Fighting skill increases to level 6!
There is an open door here.
Partly explored, unvisited transporter.
Partly explored, unvisited transporter.
Health restored: 55 Partly explored, unvisited transporter.
Partly explored, unvisited transporter.
Partly explored, unvisited transporter.
Partly explored, unvisited transporter.
There is an open door here.
There is a stone staircase leading down here.
You climb downwards.
There is a stone staircase leading up here.
You climb upwards.
Level annotation: 2 transporters, PotatoSalad1221's ghost, novice DrFi
There is a stone staircase leading down here.
There is a stone staircase leading down here.
You climb downwards.
Found Taerch's Distillery.
There is a stone staircase leading up here.
You feel a surge of power!
The blast of sand hits Maggie but does no damage.
Maggie hits you but does no damage. Maggie barely misses you.
You now have 17/18 mp.
You feel a surge of power!
The blast of sand hits Maggie.
Maggie hits you from afar with a +2 halberd of flaming!
You take 15 damage, and have 40/55 hp.
MASSIVE DAMAGE!!
You feel a surge of power!
The blast of sand hits Maggie!!
Maggie hits you from afar with a +2 halberd of flaming.
Maggie hits you from afar with a +2 halberd of flaming!
Maggie burns you.
You take 11 damage, and have 29/55 hp.
You are too injured to fight recklessly!
Casting: Sandblast (safe; 1% risk of failure)
Confirm with . or Enter, or press ? or * to list all spells.
Aiming: Sandblast (safe; 1% risk of failure)
Press: ? - help, Shift-Dir - straight line, f/p - Maggie
Aim: Maggie, wielding a +2 halberd of flaming and wearing +0 steam dragon scales (moderately wounded, 85% to hit)
You feel a surge of power!
The blast of sand hits Maggie.
A wyvern comes into view.
Maggie casts a spell at you. The bolt of fire hits you. You resist.
The wyvern hisses angrily.
You take 4 damage, and have 25/55 hp.
Casting: Sandblast (safe; 1% risk of failure)
Confirm with . or Enter, or press ? or * to list all spells.
Aiming: Sandblast (safe; 1% risk of failure)
Press: ? - help, Shift-Dir - straight line, f/p - Maggie
Aim: Maggie, wielding a +2 halberd of flaming and wearing +0 steam dragon scales (moderately wounded, 85% to hit)
You feel a surge of power!
The blast of sand hits Maggie!
Maggie hits you from afar with a +2 halberd of flaming!
Maggie barely misses you.
You take 6 damage, and have 19/55 hp.
Casting: Sandblast (safe; 1% risk of failure)
Confirm with . or Enter, or press ? or * to list all spells.
Aiming: Sandblast (safe; 1% risk of failure)
Press: ? - help, Shift-Dir - straight line, f/p - Maggie
Aim: Maggie, wielding a +2 halberd of flaming and wearing +0 steam dragon scales (heavily wounded, 85% to hit)
You feel a surge of power!
The blast of sand hits Maggie but does no damage.
Maggie hits you but does no damage. The wyvern closely misses you.
Casting: Sandblast (safe; 1% risk of failure)
Confirm with . or Enter, or press ? or * to list all spells.
Aiming: Sandblast (safe; 1% risk of failure)
Press: ? - help, Shift-Dir - straight line, f/p - Maggie
Aim: Maggie, wielding a +2 halberd of flaming and wearing +0 steam dragon scales (heavily wounded, 85% to hit)
You feel a surge of power!
The blast of sand hits the wyvern!
The wyvern closely misses you. Maggie closely misses you. The wyvern bites you.
* * * LOW HITPOINT WARNING * * *
Maggie closely misses you.
You take 3 damage, and have 16/55 hp.
You now have 16/18 mp.
The wyvern bites you but does no damage.
Maggie closely misses you.
The wyvern bites you but does no damage.
You climb upwards.
Level annotation: 2 transporters, PotatoSalad1221's ghost, novice DrFi
There is a stone staircase leading down here.
MP restored: 18
Casting: Sandblast (safe; 1% risk of failure)
Confirm with . or Enter, or press ? or * to list all spells.
Aiming: Sandblast (safe; 1% risk of failure)
Press: ? - help, Shift-Dir - straight line, f - wyvern
Aim: a wyvern (heavily wounded, 85% to hit)
You feel a surge of power!
The blast of sand hits the wyvern!
The wyvern hisses menacingly.
The wyvern bites you!
* * * LOW HITPOINT WARNING * * *
The wyvern bites you but does no damage.
You take 12 damage, and have 4/55 hp.
MASSIVE DAMAGE!!
Casting: Sandblast (safe; 1% risk of failure)
Confirm with . or Enter, or press ? or * to list all spells.
Aiming: Sandblast (safe; 1% risk of failure)
Press: ? - help, Shift-Dir - straight line, f/p - wyvern
Aim: a wyvern (almost dead, 85% to hit)
You feel a surge of power!
The blast of sand misses the wyvern.
The wyvern misses you. The wyvern bites you!
You die...

####...## ####...## #.......
##...## ###..## #.......
#....# ##..## ####.......
##....## ##..###..........
#......## ##.[....####...#
#.......### ###...[...####....
#..>....(.###.....#.....##..##
#..........#................##
#........#..l@................
#.....##.##...<...........###.
#......#.##...................
#......#(.................####
#...............).........#
###......##...............#
####............#.......##
###..####.#..............#
######...##
#........#.......###


You could see a wyvern.

Vanquished Creatures
  3 water moccasins (D:6)
  2 black bears
  2 ice beasts
  A sky beast (D:6)
  An ogre (D:6)
  A centaur (D:6)
  3 phantoms
  4 bullfrogs
  A kobold brigand (D:7)
  A gnoll sergeant (D:5)
  4 scorpions
  5 wights
  A howler monkey (D:5)
  A hound (D:6)
  2 jellies
  Crazy Yiuf (D:5)
  An iguana (D:6)
  A sleepcap (D:5)
  An orc wizard (D:7)
  11 gnolls
  5 adders
  2 ufetubi
  2 worms
  10 orcs
  6 endoplasms
  4 giant cockroaches
  5 goblins
  6 hobgoblins
  9 jackals
  5 quokkas
  8 ball pythons
  2 bats (D:2)
  2 frilled lizards
  9 kobolds
  5 rats
127 creatures vanquished.

Notes
Turn   | Place    | Note
-------+----------+-------------------------------------------
     0 | D:1      | IndexError the Gargoyle Earth Elementalist began the quest
                  | for the Orb.
     0 | D:1      | Reached XP level 1. HP: 10/10 MP: 3/3
   365 | D:1      | Reached skill level 4 in Earth Magic
   365 | D:1      | Reached XP level 2. HP: 5/15 MP: 0/5
   772 | D:1      | Reached XP level 3. HP: 19/19 MP: 4/6
  1579 | D:2      | Learned a level 2 spell: Passwall
  1583 | D:2      | Learned a level 3 spell: Stone Arrow
  1615 | D:2      | Reached skill level 3 in Spellcasting
  1707 | D:2      | Reached XP level 4. HP: 24/24 MP: 6/8
  1711 | D:2      | Reached skill level 5 in Earth Magic
  1943 | D:2      | You fall into a shaft and drop 2 floors!
  1951 | D:4      | Noticed a phantom
  1968 | D:4      | Killed a phantom
  1969 | D:4      | Reached XP level 5. HP: 28/28 MP: 6/10
  2279 | D:3      | Reached skill level 4 in Spellcasting
  2280 | D:3      | Reached skill level 6 in Earth Magic
  3273 | D:4      | Found Isonor's Assorted Antiques.
  3399 | D:4      | Bought an embroidered robe for 114 gold pieces
  3501 | D:5      | Entered Level 5 of the Dungeon
  3504 | D:5      | Reached XP level 6. HP: 32/32 MP: 9/12
  3783 | D:5      | Found Vueceeki's Armour Shop.
  3947 | D:5      | Reached skill level 7 in Earth Magic
  3947 | D:5      | Reached XP level 7. HP: 36/36 MP: 11/14
  3949 | D:5      | Reached skill level 5 in Spellcasting
  4034 | D:5      | HP: 6/36 [gnoll/+0 halberd[a gnoll sergeant] (8)]
  4488 | D:5      | Found a runed translucent door.
  4494 | D:5      | Noticed Crazy Yiuf
  4499 | D:5      | Killed Crazy Yiuf
  4624 | D:6      | Reached skill level 8 in Earth Magic
  4653 | D:6      | Reached skill level 6 in Spellcasting
  4653 | D:6      | Reached XP level 8. HP: 41/41 MP: 14/17
  4665 | D:6      | Reached skill level 1 in Fighting
  4665 | D:6      | Reached skill level 1 in Conjurations
  4671 | D:6      | Reached skill level 2 in Fighting
  4671 | D:6      | Reached skill level 2 in Conjurations
  4715 | D:6      | Found a burning altar of Makhleb.
  4753 | D:6      | Reached skill level 3 in Fighting
  4753 | D:6      | Reached skill level 3 in Conjurations
  4865 | D:6      | Found a staircase to the Ecumenical Temple.
  4895 | Temple   | Found a transporter.
  4895 | Temple   | Found a transporter.
  4895 | Temple   | Found a transporter.
  4895 | Temple   | Found a transporter.
  4895 | Temple   | Entered the Ecumenical Temple
  4939 | Temple   | Became a worshipper of Sif Muna the Loreminder
  4976 | D:6      | Reached skill level 4 in Fighting
  4976 | D:6      | Reached skill level 4 in Conjurations
  5164 | D:6      | Reached skill level 1 in Shields
  5419 | D:6      | Learned a level 4 spell: Brom's Barrelling Boulder
  5520 | D:7      | Reached XP level 9. HP: 52/52 MP: 18/18
  5580 | D:6      | Reached skill level 2 in Shields
  5695 | D:7      | Reached skill level 5 in Fighting
  5695 | D:7      | Reached skill level 5 in Conjurations
  5739 | D:7      | Found an opulent altar of Gozag.
  5753 | D:7      | Reached skill level 3 in Shields
  6021 | D:7      | Reached skill level 4 in Shields
  6078 | D:7      | Found a transporter.
  6086 | D:7      | Found a transporter.
  6130 | D:7      | Noticed PotatoSalad1221's ghost (novice DrFi)
  6151 | D:7      | Reached skill level 6 in Fighting
  6331 | D:8      | Noticed Maggie
  6331 | D:8      | Found Taerch's Distillery.
  6341 | D:7      | HP: 4/55 [wyvern (13)]
  6342 | D:7      | Mangled by a wyvern

Illustrated notes

Levels and vault maps discovered:
D:1:      mainiacjoe_arrival_reflecting_pool, layout_loops_corners
D:2:      layout_loops_ring
D:3:      layout_basic, serial_bayou_ford_a
D:4:      layout_gridville, serial_shops, nicolae_shop_pleasant_corner_grove,
          minmay_liquid_box
D:5:      layout_loops_cross, serial_shops, shop_statue, uniq_crazy_yiuf_cottage
D:6:      layout_basic, lightli_temple_of_fire, minmay_temple_entry_waves,
          minmay_misc_feat_room
D:7:      layout_rooms, general_overflow_altar,
          gammafunk_ghost_berserking_beasts, kennysheep_minor_cross
D:8:      layout_loops_ring, mainiacjoe_overflow_alcove_1, serial_shops, shop,
          nicolae_square_shop, shop, kennysheep_little_box,
          nicolae_shop_statue_plus, nicolae_diode_quadrants, uniq_maggie,
          uniq_joseph
Temple:   hellmonk_temple_divided_pantheon

Skill      XL: |  1  2  3  4  5  6  7  8  9 |
---------------+----------------------------+-----
Earth Magic    | 4 5 6 7 8 |  8.4
Spellcasting   | 3 4 6 |  6.0
Fighting       | 4 6 |  6.0
Conjurations   | 4 5 |  5.9
Shields        | 1 4 |  4.1
Dodging        | |  1.5
Stealth        | |  2.1
Transmutations | |  0.7

Action                     |  1- 3 |  4- 6 |  7- 9 || total
---------------------------+-------+-------+-------++-------
  Melee: Short sword       |     8 |       |       ||     8
   Cast: Sandblast         |    48 |    63 |    87 ||   198
 Armour: Robe              |    13 |     7 |    36 ||    56
  Dodge: Dodged            |    23 |     6 |    28 ||    57
  Block: Buckler           |       |       |     2 ||     2

Table legend: (Time is in decaauts)
 A = Elapsed time spent in this place.
 B = Non-inter-level travel time spent in this place.
 C = Inter-level travel time spent in this place.
 D = Time resting spent in this place.
 E = Time spent auto-exploring this place.
 F = Levels seen in this place.
 G = Mean time per level.
                   A        B        C        D        E       F      G
               +--------+--------+--------+--------+--------+-----+--------+
         Total |   6457 |   5689 |    768 |     27 |   4827 |   9 |  717.4 |
       Dungeon |   6397 |   5642 |    755 |     27 |   4827 |   8 |  799.6 |
        Temple |     59 |     46 |     13 |      0 |      0 |   1 |   59.0 |
               +--------+--------+--------+--------+--------+-----+--------+

Top non-repeatable levels by time:
     D:1: 1371 daAuts
     D:5: 1078 daAuts
     D:6: 1013 daAuts
     D:2: 990 daAuts
     D:7: 681 daAuts
     D:3: 667 daAuts
     D:4: 581 daAuts
  Temple: 59 daAuts
     D:8: 13 daAuts

Levels and vault maps discovered:
D:1:      mainiacjoe_arrival_reflecting_pool, layout_loops_corners
D:2:      layout_loops_ring
D:3:      layout_basic, serial_bayou_ford_a
D:4:      layout_gridville, serial_shops, nicolae_shop_pleasant_corner_grove,
          minmay_liquid_box
D:5:      layout_loops_cross, serial_shops, shop_statue, uniq_crazy_yiuf_cottage
D:6:      layout_basic, lightli_temple_of_fire, minmay_temple_entry_waves,
          minmay_misc_feat_room
D:7:      layout_rooms, general_overflow_altar,
          gammafunk_ghost_berserking_beasts, kennysheep_minor_cross
D:8:      layout_loops_ring, mainiacjoe_overflow_alcove_1, serial_shops, shop,
          nicolae_square_shop, shop, kennysheep_little_box,
          nicolae_shop_statue_plus, nicolae_diode_quadrants, uniq_maggie,
          uniq_joseph
Temple:   hellmonk_temple_divided_pantheon

Table legend: (Time is in decaauts)
 A = Elapsed time spent in this place.
 B = Non-inter-level travel time spent in this place.
 C = Inter-level travel time spent in this place.
 D = Time resting spent in this place.
 E = Time spent auto-exploring this place.
 F = Levels seen in this place.
 G = Mean time per level.
                   A        B        C        D        E       F      G
               +--------+--------+--------+--------+--------+-----+--------+
         Total |   6457 |   5689 |    768 |     27 |   4827 |   9 |  717.4 |
       Dungeon |   6397 |   5642 |    755 |     27 |   4827 |   8 |  799.6 |
        Temple |     59 |     46 |     13 |      0 |      0 |   1 |   59.0 |
               +--------+--------+--------+--------+--------+-----+--------+

Top non-repeatable levels by time:
     D:1: 1371 daAuts
     D:5: 1078 daAuts
     D:6: 1013 daAuts
     D:2: 990 daAuts
     D:7: 681 daAuts
     D:3: 667 daAuts
     D:4: 581 daAuts
  Temple: 59 daAuts
     D:8: 13 daAuts

Table legend:
 A = Kills in this place as a percentage of kills in the entire game.
 B = Kills by you in this place as a percentage of kills by you in the entire game.
 C = Kills by friends in this place as a percentage of kills by friends in the entire game.
 D = Other kills in this place as a percentage of other kills in the entire game.
 E = Experience gained in this place as a percentage of experience gained in the entire game.
 F = Experience gained in this place divided by the number of levels of this place that you have seen.
                   A       B       C       D       E      F
               +-------+-------+-------+-------+-------+----------------------
         Total | 100.0 | 100.0 |   N/A |   N/A | 100.0 | 398.8
       Dungeon | 100.0 | 100.0 |   N/A |   N/A | 100.0 | 448.6
               +-------+-------+-------+-------+-------+----------------------
